 Dungeon Crawl Stone Soup version 0.32-a0-986-ga09f62fbf4 (webtiles) character file.

Game seed: 1982473130583957258

36 GiantSquids the Changeling (level 3, 0/23 HPs)
             Began as an Octopode Shapeshifter on Apr 22, 2024.
             Slain by an adder (3 damage)
             ... on level 1 of the Dungeon.
             The game lasted 00:01:25 (729 turns).

GiantSquids the Changeling (Octopode Shapeshifter)   Turns: 729, Time: 00:01:25

Health: 0/23       AC:  1    Str: 15    XL:     3   Next: 37%
Magic:  3/3        EV: 12    Int: 12    God:
Gold:   37         SH:  0    Dex: 11    Spells: 2/2 levels left

rFire   . .          .
                       - Unarmed
rCold   . . .        (no shield)
rNeg    . . .        (helmet currently unavailable)
rPois   .            (no amulet)
rElec   .            (no ring)
rCorr   .            (no ring)
SInv    .            (no ring)
Will    .....        (no ring)
Stlth   +++          (no ring)
HPRegen 0.23/turn    (no ring)
MPRegen 0.08/turn    (no ring)
                     (no ring)

%: no passive effects
@: beast-form
A: beast (slay +2), almost no armour, amphibious, 8 rings, camouflage 1,
gelatinous body 1, (nimble swimmer 1), tentacles
a: Begin Untransformation


You were on level 1 of the Dungeon.
You were a hulking beast.
You visited 1 branch of the dungeon, and saw 2 of its levels.

You collected 37 gold pieces.

Inventory:

Talismans
 b - a beast talisman (active)
 c - a flux talisman
Scrolls
 d - a scroll of vulnerability {unknown}
 f - a scroll of fear {unknown}
Potions
 a - a potion of lignification
 e - a potion of berserk rage {unknown}
 g - a potion of brilliance {unknown}


   Skills:
 - Level 1.0 Fighting
 - Level 2.0 Dodging
 + Level 2.3 Stealth
 - Level 3.0 Unarmed Combat
 * Level 3.8 Shapeshifting


You had 2 spell levels left.
You didn't know any spells.
Your spell library was empty.

Dungeon Overview and Level Annotations

Branches:
Dungeon (2/15)

Altars:

Annotations:
D:2 Robin


Innate Abilities, Weirdness & Mutations

You are a hulking beast.
Your limbs bulge with bestial killing power. (Slay +2)
You cannot wear most types of armour.
You are amphibious.
You can wear up to eight rings at the same time.
Your skin changes colour to match your surroundings (Stealth+).
Your rubbery body absorbs attacks. (AC +1, EV +1)
((You are camouflaged when in or above water. (Stealth+)))
You have tentacles for arms and can constrict up to eight enemies at once.


Message History

Robin shouts!
You hear a shout! x2
There is a stone staircase leading up here.
A goblin, 2 hobgoblins and an adder come into view.
The hobgoblin shouts!
Robin throws the goblin at you! The goblin hits you but does no damage.
A goblin comes into view. It is wielding a +0 club.
The goblin hits you with a +0 dagger.
The goblin moves out of view.
The adder moves out of view.
You bludgeon the goblin!
You kill the goblin!
You tentacle-slap the goblin. Your grab misses the goblin.
Your squeeze misses the goblin.
The goblin is severely wounded.
The goblin hits you with a +0 dagger.
Robin roars a battlecry!
The goblins go into a battle-frenzy!
The adder bites you but does no damage. The goblin hits you with a +0 club.
There is a stone staircase leading up here.
The goblin barely misses you. The adder bites you.
You are poisoned.
The adder poisons you! The goblin hits you with a +0 club.
You climb upwards.
You feel sick.
There is a stone staircase leading down here.
You tentacle-slap the adder. Your grab misses the adder.
Your tentacle-slap misses the adder.
Your squeeze misses the adder.
The adder is heavily wounded.
You feel sick. The goblin completely misses you. The adder barely misses you.
The goblin hits you with a +0 club.
* * * LOW HITPOINT WARNING * * *
You tentacle-slap the adder. Your grab misses the adder.
The adder is severely wounded.
You feel sick. The adder closely misses you. The goblin closely misses you.
You barely miss the goblin. You grab the goblin.
The goblin is severely wounded.
You constrict the goblin.
You kill the goblin!
You feel sick.
You are no longer poisoned.
The adder bites you.
You die...

##'#####.# #.#
#.....##.#########
###.####
#.....##.........#
#.....). #
#.....##)#########
#.###### #
#.....##.# #.# #
#.....##.# ### #.#
#.....##[###.# #.#
#####.....#....#.##
#.#
................hg#
#.#
.......#####.#.#S)##
#.#
######.............#
#.# ##.#
#######.###..## #.#
...# #.# #..# #.#
...# #.# #..#
######.# ...#
######.# #..#
#......# ...#
#......# #..#
#.####.# ...#
#......# #..# #.#
#.#


You could see an adder and a goblin (strong).

Vanquished Creatures
  A dart slug (D:1)
  5 endoplasms (D:1)
  4 hobgoblins (D:1)
  2 jackals (D:1)
  5 kobolds (D:1)
  3 ball pythons (D:1)
  A bat (D:1)
  5 frilled lizards (D:1)
  4 goblins
  4 rats (D:1)
34 creatures vanquished.

Notes
Turn   | Place    | Note
-------+----------+-------------------------------------------
     0 | D:1      | GiantSquids the Octopode Shapeshifter began the quest for
                  | the Orb.
     0 | D:1      | Reached XP level 1. HP: 13/13 MP: 1/1
    68 | D:1      | Reached skill level 1 in Stealth
   103 | D:1      | Reached XP level 2. HP: 14/18 MP: 2/2
   378 | D:1      | Reached XP level 3. HP: 18/23 MP: 3/3
   720 | D:2      | Noticed Robin
   729 | D:1      | Slain by an adder

Illustrated notes

Levels and vault maps discovered:
D:1:      amcnicky_arrival_flooded_fountain, layout_basic
D:2:      minmay_thinvault, layout_basic, basic_altar, minmay_pentomino_q4,
          uniq_robin

Skill      XL: |  1  2 |
---------------+-------+-----
Stealth        | 1 2 |  2.3
Fighting       | |  1.0
Dodging        | |  2.0
Unarmed Combat | |  3.0
Shapeshifting  | |  3.8

Action                     || total
---------------------------++-------
  Melee: Unarmed           ||    49
         Constrict         ||    11
         Punch             ||     2
         Tentacles         ||     6
   Stab: Sleeping          ||     6
 Armour: Skin              ||    32
  Dodge: Dodged            ||    25

Table legend: (Time is in decaauts)
 A = Elapsed time spent in this place.
 B = Non-inter-level travel time spent in this place.
 C = Inter-level travel time spent in this place.
 D = Time resting spent in this place.
 E = Time spent auto-exploring this place.
 F = Levels seen in this place.
 G = Mean time per level.
                   A        B        C        D        E       F      G
               +--------+--------+--------+--------+--------+-----+--------+
         Total |    726 |    717 |      9 |      0 |    571 |   2 |  363.0 |
       Dungeon |    726 |    717 |      9 |      0 |    571 |   2 |  363.0 |
               +--------+--------+--------+--------+--------+-----+--------+

Top non-repeatable levels by time:
     D:1: 721 daAuts
     D:2: 5 daAuts
